[Event "London Classic 7th"]
[Site "London"]
[Date "2015.12.05"]
[Round "2"]
[White "Aronian, Levon"]
[Black "Anand, Viswanathan"]
[Result "1/2-1/2"]
[ECO "E51"]
[WhiteElo "2781"]
[BlackElo "2803"]
[Annotator "CB"]
[PlyCount "67"]
[EventDate "2015.12.04"]
[EventType "tourn"]
[EventRounds "9"]
[EventCountry "ENG"]
[EventCategory "22"]
[SourceTitle "CBM 170"]
[Source "ChessBase"]
[SourceDate "2016.01.15"]
[SourceVersion "1"]
[SourceVersionDate "2016.01.15"]
[SourceQuality "1"]
[TimeControl "7200+1410"]
[WhiteClock "0:40:01"]
[BlackClock "0:31:37"]

1. d4 Nf6 2. c4 e6 3. Nf3 d5 4. Nc3 Bb4 5. Bd2 $5 O-O 6. e3 c5 7. a3 Bxc3 8.
Bxc3 Ne4 9. Qc2 (9. Bd3 {verliert ein Tempo} Nxc3 10. bxc3 dxc4 11. Bxc4 Nd7) (
9. Rc1 Nxc3 10. Rxc3 cxd4 11. exd4 Nc6 12. Be2 dxc4 13. Bxc4 $11 Qf6 14. O-O
Rd8 15. Rd3 Bd7 16. Re1 Be8 17. Qd2 Ne7 18. Ng5 Nd5 19. Rf3 Qe7 20. Rg3 h6 21.
Nf3 Qf6 22. Re4 Ne7 23. Ne5 Nf5 24. Rd3 Rac8 25. h3 Nd6 26. Rf4 Nxc4 27. Nxc4
Qg5 28. Rg3 Qd5 29. Ne3 Qc6 30. Kh2 Qc1 31. Qb4 Qc7 32. d5 a5 33. Qe4 Rd6 34.
Qe5 g6 35. Qh5 Rxd5 36. Nxd5 exd5 37. Qxh6 Qe5 38. Rh4 Qg7 39. Qxg7+ {1-0 (39)
Alekhine,A-Kmoch,H San Remo 1930}) 9... Nxc3 10. bxc3 Nd7 (10... dxc4 11. Bxc4
Nd7 {wäre ebenso möglich gewesen. Kommt Schwarz vernünftig zu b6 und Lb7
sollte die Position vollkommen in Ordnung sein.} 12. O-O b6 13. d5 exd5 14.
Bxd5 Rb8 $11) 11. Bd3 h6 {wurde von Anand im post-mortem kritisiert. In der
entstehenden Struktur ist die Felderschwäche auf g6 ein mögliches Thema, zudem
ist die erwünschte Aktivierung Lg4-Lh5-Lg6 nicht mehr möglich.} 12. cxd5 exd5
13. Qb2 Qe7 14. O-O Nf6 15. Rfb1 {die Stellung ist objektiv wohl ausgeglichen,
jedoch für Weiß leichter zu spielen. Schwarz plant, den schwachen Lc8
abzutauschen, während Weiß zuerst den Damenflügel mit a4,a5 einschnürt, um
danach entweder dort den Druck zu erhöhen versucht oder in einem geeigneten
Moment das Zentrum öffnet.} c4 {Schwarz möchte unter keinen Umständen auf d4
tauschen, nimmt so jedoch ein weißes c4 für immer aus der Stellung.} 16. Bc2
Ne4 17. a4 Re8 18. a5 Nd6 {Der Springer übernimmt effizient die Deckung des b7
} 19. Qb4 Be6 {Diagramm [#]} 20. Re1 $2 {Aronian übersieht vermutlich eine
Taktik in der Variante 22.Db5} ({zum Beispiel} 20. Ne5 $14 {und Weiß kann
weiter Druck aufbauen. Langfristig reicht es freilich nicht, einzig in der
b-Linie anzugreifen, Weiß muss über kurz oder mit f3-e4 oder f3-g4-h4 eine
zweite Front eröffnen. In dieser konkreten Position ist auch der Nachteil der
Schwäche auf g6 deutlich sichtbar, Schwarz kann den Se5 nicht einfach mit f6
befragen.}) 20... Bf5 $1 {wenn dies taktisch geht, ist Anand von allen
Problemen befreit} 21. Bxf5 Nxf5 22. Qxe7 (22. Qb5 Qe6 $1 (22... Rad8 $2 23.
Reb1 Rd7 24. Ne5 Rc7 25. Qxd5 $18) (22... Qd6 23. Ne5 Rab8 24. Nxc4 $1 $16) 23.
Qxb7 $2 Reb8 24. Qc7 Nd6 {und Weiß kann wegen der Drohung Tc8 auf der b-Linie
nicht opponieren}) 22... Rxe7 $11 {jetzt kann Schwarz nicht schlechter stehen,
die einzig angreifbare Schwäche b7 ist einfach zu decken, der Springer
verhindert auf d6 ein mögliches Manöver Tb5 und aufgrund des reduzierten
Materials kann Schwrz nun am Königsflügel mit den Bauern aufrücken.} 23. h4 h5
24. g3 {Weiß nimmt bereits eine Auffangstellung ein} Nd6 25. Reb1 Rc8 26. Kg2
f6 27. Ng1 g5 28. Nf3 Ne4 29. Ra3 Rf8 30. Rb5 Rd7 31. Rb2 Rg7 32. Rb5 Rd7 33.
Rb2 Rg7 34. Rb5 {keine Seite kann Fortschritte erzielen} 1/2-1/2